 Dungeon Crawl Stone Soup version 0.30-a0-719-gcc4359ea44 (webtiles) character file.

Game seed: 2500101760724021939

107 sokol815 the Slasher (level 4, 0/36 HPs)
             Began as a Demigod Warper on Jan 26, 2023.
             Slain by an orc priest
             ... wielding a +0 short sword
              (3 damage)
             ... on level 3 of the Dungeon.
             The game lasted 00:04:04 (1887 turns).

sokol815 the Slasher (Demigod Warper)               Turns: 1887, Time: 00:04:04

Health: 0/36       AC:  5    Str: 12    XL:     4   Next: 31%
Magic:  9/9        EV: 11    Int: 15    God:
Gold:   26         SH:  0    Dex: 17    Spells: 6/6 levels left

rFire   . . .      SeeInvis .    a - +0 falchion
rCold   . . .      Faith    .    (no shield)
rNeg    . . .      Spirit   .    l - +0 ring mail
rPois   .          Reflect  .    (no helmet)
rElec   .          Harm     .    (no cloak)
rCorr   .          Rampage  .    (no gloves)
Will    .....                    (no boots)
Stlth   +                        (no amulet)
HPRegen 0.26/turn                (no ring)
MPRegen 0.11/turn                (no ring)

@: no status effects
A: high MP 1, forlorn, divine attributes
a: no special abilities


You were on level 3 of the Dungeon.
You visited 1 branch of the dungeon, and saw 3 of its levels.

You collected 185 gold pieces.
You spent 159 gold pieces at shops.

Inventory:

Hand Weapons
 a - a +0 falchion (weapon)
Missiles
 d - 7 boomerangs of dispersal {=f}
 h - 8 poisoned darts
 s - 6 stones
Armour
 b - a +0 leather armour
 l - a +0 ring mail (worn)
   (You found it on level 2 of the Dungeon)
Scrolls
 f - a scroll of identify {@r1}
 m - a scroll of amnesia
 n - a scroll of butterflies
 D - a scroll of blinking {!r}
 X - a scroll of magic mapping {@r4!r}
 Y - 3 scrolls of teleportation {@r3}
Potions
 B - 2 potions of brilliance
 H - a potion of haste
 J - a potion of curing {@q1}
 M - a potion of might


   Skills:
 - Level 1.7 Fighting
 + Level 4.4 Long Blades
 - Level 0.8 Throwing
 - Level 0.8 Armour
 - Level 1.7 Dodging
 - Level 1.7 Spellcasting
 - Level 2.6 Translocations


You had 6 spell levels left.
You didn't know any spells.
Your spell library contained the following spells:

 Spells                   Type           Power      Damage    Failure   Level
 Blink                    Tloc           18%        N/A       26%         2
 Lesser Beckoning         Tloc           18%        N/A       26%         2
 Teleport Other           Tloc           9%         N/A       45%         3
 Ensorcelled Hibernation  Hex/Ice        2%         N/A       61%         2
 Passwall                 Tmut/Erth      0%         N/A       61%         2
 Vhi's Electric Charge    Tloc/Air       10%        N/A       65%         3
 Swiftness                Air            1%         N/A       83%         3
 Manifold Assault         Tloc           9%         N/A       86%         4


Dungeon Overview and Level Annotations

Branches:
Dungeon (3/15) Zot: 16088

Shops:
D:3 *


Innate Abilities, Weirdness & Mutations

You have an increased reservoir of magic. (+10% MP)
You shall have no god before yourself.
Your divine heritage dramatically boosts your attributes as you level up.


Message History

You kill the orc wizard!
Your Long Blades skill increases to level 4!
You have reached level 4!
You regained 7 hp, and now have 34/36 hp.
MP restored: 9
Things that are here:
a +0 dagger; a +0 robe; an orc corpse
There is a stone staircase leading down, spattered with blood here.
You start resting.
Health restored: 36 You climb downwards.
The orc wizard casts a spell at you. The puff of flame hits you!
The orc wizard casts a spell at you. You resist with some effort.
There is a stone staircase leading up here.
You take 9 damage, and have 27/36 hp.
MASSIVE DAMAGE!!
The orc wizard hits you but does no damage.
You climb upwards.
There is a stone staircase leading down, spattered with blood here.
You hit the orc wizard but do no damage.
The orc wizard closely misses you.
You hit the orc wizard.
The orc wizard hits you with a +0 dagger.
You take 3 damage, and have 25/36 hp.
You hit the orc wizard.
The orc wizard hits you with a +0 dagger.
You take 1 damage, and have 24/36 hp.
You barely miss the orc wizard. The orc wizard casts a spell at you.
You are confused.
You barely miss the orc wizard. The orc wizard barely misses you.
You miss the orc wizard.
The orc wizard hits you but does no damage.
You hit the orc wizard.
The orc wizard hits you but does no damage.
You bump into the rock wall.
The orc wizard casts a spell.
The orc wizard flickers and vanishes!
Deactivating autopickup; reactivate with Ctrl-A.
You're too confused to move!
Something hits you.
You take 2 damage, and have 23/36 hp.
Something hits you but does no damage.
You feel less confused.
You miss something.
You hear some strange, mumbled words.
A magic dart appears from out of thin air!
The magic dart hits you. Something hits you.
You take 6 damage, and have 18/36 hp.
You hit something but do no damage. Something hits you but does no damage.
You hit something.
You hear some strange, mumbled words.
You are confused.
Something hits you.
You hear some strange, mumbled words.
A puff of flame appears from out of thin air!
The puff of flame hits you!
* * * LOW HITPOINT WARNING * * *
You take 9 damage, and have 9/36 hp.
MASSIVE DAMAGE!!
You bump into the rock wall.
You hit something but do no damage. Something hits you but does no damage.
You slash something!
Reactivating autopickup.
You feel a bit more experienced.
You feel less confused.
You start resting.
Health restored: 36
Things that are here:
a +0 dagger; a +0 robe; an orc corpse
There is a stone staircase leading down, spattered with blood here.
You climb downwards.
The orc priest mumbles some strange prayers to Beogh against you.
Beogh smites you!
There is a stone staircase leading up here.
You take 13 damage, and have 23/36 hp.
MASSIVE DAMAGE!!
The orc priest invokes the aid of Beogh against you.
Beogh smites you!
* * * LOW HITPOINT WARNING * * *
You take 17 damage, and have 6/36 hp.
MASSIVE DAMAGE!!
You barely miss the orc priest.
The orc priest hits you but does no damage.
You feel better.
The orc priest invokes the aid of Beogh against you.
Beogh smites you!
* * * LOW HITPOINT WARNING * * *
There is a stone staircase leading up here.
You hit the orc priest but do no damage.
The orc priest hits you but does no damage.
You hit the orc priest but do no damage.
The orc priest hits you but does no damage.
You hit the orc priest but do no damage.
The orc priest hits you with a +0 short sword.
* * * LOW HITPOINT WARNING * * *
The orc priest hits you with a +0 short sword.
You die...

#.# ##########.#
#.......{..#
#.#######..# ## #.#
#..# .# #.# #..#####
.#####.# #......#
....##.# #.###∩##
.##.##.# #####.#@#.#
§.o.##.# #.....#.o.#
§≈§.##.# #.###########
§...##o###'###.......#
§§8....##.........##.#
≈§§..####.........##.#
§§§.## #.........##.#
§§..# #............#
#.§.# #.........####


You could see an orc priest.

Vanquished Creatures
  2 orc wizards (D:2)
  An adder (D:2)
  A worm (D:2)
  A dart slug (D:1)
  An orc (D:2)
  3 endoplasms
  A giant cockroach (D:1)
  6 goblins
  8 hobgoblins
  2 kobolds (D:1)
  2 quokkas (D:1)
  2 ball pythons (D:1)
  3 bats (D:1)
  A frilled lizard (D:2)
  6 rats
40 creatures vanquished.

Vanquished Creatures (others)
  A plant (D:1)
1 creature vanquished.

Grand Total: 41 creatures vanquished

Notes
Turn   | Place    | Note
-------+----------+-------------------------------------------
     0 | D:1      | sokol815 the Demigod Warper began the quest for the Orb.
     0 | D:1      | Reached XP level 1. HP: 17/17 MP: 5/5
    46 | D:1      | Reached skill level 2 in Long Blades
   172 | D:1      | Reached XP level 2. HP: 18/24 MP: 7/7
   565 | D:1      | Reached skill level 3 in Long Blades
   926 | D:2      | HP: 9/36 [poisoned by an adder]
  1069 | D:2      | Reached XP level 3. HP: 29/29 MP: 8/8
  1588 | D:3      | Found Lenguewk's Assorted Antiques.
  1594 | D:3      | Bought a scroll labelled HADIGAULLO for 27 gold pieces
  1594 | D:3      | Bought a black potion for 24 gold pieces
  1594 | D:3      | Bought a scroll labelled CIOCHU UTHES for 27 gold pieces
  1594 | D:3      | Bought 3 scrolls labelled NUTRONG WYSO for 81 gold pieces
  1749 | D:2      | Reached skill level 4 in Long Blades
  1749 | D:2      | Reached XP level 4. HP: 34/36 MP: 9/9
  1772 | D:2      | HP: 9/36 [something/puff of flame (8)]
  1881 | D:3      | HP: 6/36 [orc priest/divine providence (17)]
  1887 | D:3      | HP: 3/36 [orc priest/+0 short sword (4)]
  1887 | D:3      | Slain by an orc priest

Illustrated notes

Levels and vault maps discovered:
D:1:      pf_arrival_petrified_forest, layout_basic,
          shapermc_ecumenical_altar_mp_urbaneastern,
          chequers_serial_rivers_room_a
D:2:      cheibrodos_greedy_goblins, layout_rooms, minivault_19,
          minmay_misc_feat_five
D:3:      layout_basic, lightli_temple_of_fire, mainiacjoe_overflow_catwalk,
          serial_shops, shop, uniq_natasha, uniq_sigmund

Skill      XL: |  1  2  3 |
---------------+----------+-----
Long Blades    | 2 3 4 |  4.4
Fighting       | |  1.7
Throwing       | |  0.8
Armour         | |  0.8
Dodging        | |  1.7
Spellcasting   | |  1.7
Translocations | |  2.6

Action                     |  1- 3 |  4- 6 || total
---------------------------+-------+-------++-------
  Melee: Falchion          |   140 |    16 ||   156
         Punch             |     2 |       ||     2
  Throw: Stone             |     4 |       ||     4
    Use: Potion            |     1 |     1 ||     2
         Scroll            |     9 |       ||     9
 Armour: Leather armour    |    22 |       ||    22
         Skin              |     7 |       ||     7
         Ring mail         |    28 |     9 ||    37
  Dodge: Dodged            |    80 |     2 ||    82

Table legend: (Time is in decaauts)
 A = Elapsed time spent in this place.
 B = Non-inter-level travel time spent in this place.
 C = Inter-level travel time spent in this place.
 D = Time resting spent in this place.
 E = Time spent auto-exploring this place.
 F = Levels seen in this place.
 G = Mean time per level.
                   A        B        C        D        E       F      G
               +--------+--------+--------+--------+--------+-----+--------+
         Total |   1910 |   1870 |     40 |    190 |   1288 |   3 |  636.7 |
       Dungeon |   1910 |   1870 |     40 |    190 |   1288 |   3 |  636.7 |
               +--------+--------+--------+--------+--------+-----+--------+

Top non-repeatable levels by time:
     D:2: 909 daAuts
     D:1: 856 daAuts
     D:3: 144 daAuts

Table legend:
 A = Kills in this place as a percentage of kills in entire the game.
 B = Kills by you in this place as a percentage of kills by you in the entire game.
 C = Kills by friends in this place as a percentage of kills by friends in the entire game.
 D = Other kills in this place as a percentage of other kills in the entire game.
 E = Experience gained in this place as a percentage of experience gained in the entire game.
 F = Experience gained in this place divided by the number of levels of this place that you have seen.
                   A       B       C       D       E      F
               +-------+-------+-------+-------+-------+----------------------
         Total | 100.0 | 100.0 |   N/A |   N/A | 100.0 |  51.0
       Dungeon | 100.0 | 100.0 |   N/A |   N/A | 100.0 |  51.0
               +-------+-------+-------+-------+-------+----------------------
